General information
- name: BNet
- type: Ladder team game (AT/RT)
- host: Battle.net
- saver: JamesBond
map: MarketSquare
- players: 8
- length: 26:17
- speed: Fast
- version: 1.27 W3XP
- replay type: Public
» download(177 KB)
Players
team 1 (loser)

»
AFKSmokingBONG (
orange | 60 APM | 559 actions | 09:22)
1 Blood Mage
1 Flame Strike
2 Goblin Tinker
1 Pocket Factory
1 Engineering Upgrade
» actions
| Build / train | 41 | |
| Enter build submenu | 24 | |
| Enter hero's abilities submenu | 3 | |
| Remove unit from queue | 5 | |
| Right click | 276 | |
| Select / deselect | 165 | |
| Use ability | 45 | |
559 total
» units
» buildings
| Lumber Mill | 1 | |
| Farm | 5 | |
| Altar of Kings | 1 | |
| Scout Tower | 4 | |
| Barracks | 1 | |
| Arcane Tower | 2 | |
| Arcane Vault | 1 | |
| Guard Tower | 3 | |
| Moon Well | 3 | |
| Keep | 1 | |
| Tree of Eternity | 1 | |
| Ancient of Wind | 1 | |
| Arcane Sanctum | 1 | |
| Chimaera Roost | 4 | |
29 total
» build order
00:10 Lumber Mill
00:40 Farm
01:03 Altar of Kings
01:48 Scout Tower
02:01 Farm
02:11 Barracks
02:28 Farm
02:33 Arcane Tower
02:34 Arcane Tower
03:18 Arcane Vault
03:20 Scout Tower
03:54 Guard Tower
04:50 Moon Well
05:09 Keep
05:12 Scout Tower
05:24 Tree of Eternity
05:26 Ancient of Wind
05:32 Moon Well
06:43 Guard Tower
06:45 Scout Tower
07:42 Guard Tower
07:44 Arcane Sanctum
07:49 Farm
07:55 Chimaera Roost
07:57 Chimaera Roost
08:00 Chimaera Roost
08:02 Chimaera Roost
08:04 Moon Well
08:25 Farm
» items
| Scroll of Regeneration | 2 | |
| Lesser Clarity Potion | 1 | |
3 total

»
smallfry (
blue | 30 APM | 124 actions | 04:04)
» actions
| Assign group hotkey | 10 | |
| Build / train | 17 | |
| Enter build submenu | 3 | |
| Remove unit from queue | 1 | |
| Right click | 39 | |
| Select / deselect | 43 | |
| Select group hotkey | 1 | |
| Use ability | 10 | |
124 total
» units
» buildings
| Moon Well | 1 | |
| Tree of Life | 1 | |
| Altar of Elders | 1 | |
| Tree of Ages | 2 | |
5 total
» build order
00:28 Moon Well
01:31 Tree of Life
02:12 Altar of Elders
02:55 Tree of Ages
02:55 Tree of Ages

»
Pokemon (
purple | 85 APM | 1216 actions | 14:22)
3 Keeper of the Grove
2 Entangling Roots
1 Thorns Aura
1 Priestess of the Moon
1 Trueshot Aura
» actions
| Assign group hotkey | 26 | |
| Basic commands | 2 | |
| Build / train | 46 | |
| Enter build submenu | 13 | |
| Enter hero's abilities submenu | 4 | |
| Remove unit from queue | 1 | |
| Right click | 648 | |
| Select / deselect | 187 | |
| Select group hotkey | 243 | |
| Use ability | 46 | |
1216 total
» units
| Wisp | 9 | |
| Huntress | 3 | |
| Archer | 3 | |
| Druid of the Talon | 6 | |
| Dryad | 6 | |
27 total
» upgrades
» buildings
| Altar of Elders | 1 | |
| Moon Well | 5 | |
| Hunter's Hall | 1 | |
| Ancient of War | 2 | |
| Tree of Ages | 1 | |
| Ancient of Lore | 1 | |
| Ancient of Wind | 1 | |
12 total
» build order
00:19 Altar of Elders
00:33 Moon Well
02:05 Hunter's Hall
02:07 Ancient of War
02:21 Moon Well
02:30 Ancient of War
02:52 Moon Well
05:24 Tree of Ages
07:39 Moon Well
07:50 Ancient of Lore
07:58 Ancient of Wind
09:51 Moon Well
» items
| Lesser Clarity Potion | 2 | |
| Scroll of Regeneration | 3 | |
| Mechanical Critter | 1 | |
| Scroll of Healing | 1 | |
| Scroll of Protection | 1 | |
8 total
solidangle (
red | 48 APM | 1271 actions | 26:14)
2 Archmage
1 Summon Water Elemental
1 Brilliance Aura
» actions
| Assign group hotkey | 20 | |
| Basic commands | 4 | |
| Build / train | 67 | |
| ESC pressed | 16 | |
| Enter build submenu | 49 | |
| Enter hero's abilities submenu | 2 | |
| Remove unit from queue | 1 | |
| Right click | 625 | |
| Select / deselect | 266 | |
| Select group hotkey | 150 | |
| Use ability | 70 | |
1271 total
» units
| Peasant | 12 | |
| Footman | 14 | |
| Chimaera | 10 | |
| Dragonhawk Rider | 1 | |
| Gryphon Rider | 2 | |
39 total
» upgrades
| Masonry | 1 | |
| Corrosive Breath | 1 | |
| Strength of the Wild | 1 | |
| Reinforced Hides | 1 | |
| Storm Hammers | 1 | |
5 total
» buildings
| Altar of Kings | 1 | |
| Farm | 9 | |
| Arcane Vault | 1 | |
| Lumber Mill | 1 | |
| Barracks | 1 | |
| Scout Tower | 25 | |
| Guard Tower | 17 | |
| Moon Well | 7 | |
| Keep | 1 | |
| Hunter's Hall | 1 | |
| Gryphon Aviary | 2 | |
| Castle | 1 | |
| Blacksmith | 2 | |
69 total
» build order
00:06 Altar of Kings
00:18 Farm
00:51 Farm
01:39 Arcane Vault
01:53 Lumber Mill
02:08 Barracks
02:12 Farm
02:15 Farm
02:56 Scout Tower
02:57 Scout Tower
02:58 Scout Tower
03:54 Guard Tower
03:54 Guard Tower
03:54 Guard Tower
04:24 Guard Tower
04:36 Scout Tower
04:37 Guard Tower
04:38 Guard Tower
04:38 Guard Tower
05:15 Scout Tower
05:16 Scout Tower
05:17 Scout Tower
05:19 Scout Tower
06:01 Guard Tower
06:03 Guard Tower
06:29 Guard Tower
06:49 Scout Tower
06:49 Scout Tower
06:50 Scout Tower
07:34 Scout Tower
07:35 Scout Tower
07:44 Scout Tower
08:05 Guard Tower
09:59 Moon Well
10:02 Moon Well
10:04 Moon Well
10:17 Moon Well
10:21 Moon Well
11:22 Keep
12:15 Moon Well
13:06 Moon Well
15:17 Hunter's Hall
15:38 Guard Tower
16:29 Scout Tower
16:31 Scout Tower
16:33 Scout Tower
17:09 Guard Tower
18:09 Scout Tower
18:10 Scout Tower
18:15 Farm
18:16 Farm
18:18 Farm
18:46 Guard Tower
19:47 Scout Tower
19:48 Scout Tower
19:49 Scout Tower
20:31 Guard Tower
20:43 Scout Tower
20:44 Scout Tower
20:46 Scout Tower
20:51 Farm
21:24 Farm
21:54 Gryphon Aviary
22:04 Gryphon Aviary
23:32 Castle
24:52 Blacksmith
24:59 Blacksmith
team 2 (winner)

»
4SRTCRUSADER (
green | 130 APM | 3414 actions | 26:15)
5 Firelord
3 Summon Lava Spawn
1 Soul Burn
1 Incinerate
5 Archmage
3 Summon Water Elemental
2 Brilliance Aura
» actions
| Assign group hotkey | 78 | |
| Basic commands | 250 | |
| Build / train | 80 | |
| ESC pressed | 5 | |
| Enter build submenu | 22 | |
| Enter hero's abilities submenu | 10 | |
| Remove unit from queue | 1 | |
| Right click | 1114 | |
| Select / deselect | 526 | |
| Select group hotkey | 1229 | |
| Use ability | 99 | |
3414 total
» units
| Peasant | 18 | |
| Footman | 13 | |
| Rifleman | 6 | |
| Priest | 4 | |
| Flying Machine | 11 | |
52 total
» upgrades
| Defend | 1 | |
| Long Rifles | 1 | |
| Gunpowder | 2 | |
| Armor | 2 | |
| Masonry | 2 | |
8 total
» buildings
| Barracks | 2 | |
| Altar of Kings | 2 | |
| Farm | 10 | |
| Keep | 1 | |
| Arcane Vault | 1 | |
| Blacksmith | 1 | |
| Lumber Mill | 1 | |
| Arcane Sanctum | 1 | |
| Workshop | 2 | |
| Town Hall | 1 | |
| Castle | 1 | |
23 total
» build order
00:19 Barracks
00:35 Altar of Kings
00:52 Farm
01:33 Farm
01:41 Altar of Kings
01:45 Farm
02:14 Farm
04:35 Keep
04:37 Farm
04:38 Farm
04:53 Barracks
05:03 Arcane Vault
05:21 Blacksmith
07:39 Lumber Mill
07:55 Arcane Sanctum
10:51 Farm
10:51 Farm
13:38 Workshop
13:39 Workshop
13:47 Farm
13:48 Farm
16:25 Town Hall
17:45 Castle
» items
| Scroll of Regeneration | 2 | |
| Lesser Clarity Potion | 1 | |
| Scroll of Town Portal | 2 | |
5 total
DoubleOhSeven (
pink | 49 APM | 1290 actions | 26:15)
6 Blademaster
3 Wind Walk
2 Critical Strike
1 Bladestorm
» actions
| Assign group hotkey | 37 | |
| Basic commands | 49 | |
| Build / train | 63 | |
| Enter build submenu | 38 | |
| Enter hero's abilities submenu | 6 | |
| Give item / drop item | 5 | |
| Right click | 604 | |
| Select / deselect | 232 | |
| Select group hotkey | 171 | |
| Use ability | 84 | |
1290 total
» units
| Peon | 21 | |
| Grunt | 3 | |
| Troll Headhunter/Berserker | 9 | |
33 total
» upgrades
| Armor | 4 | |
| Troll Regeneration | 1 | |
| Ranged Weapons | 3 | |
| Berserker Upgrade | 1 | |
| Reinforced Defenses | 1 | |
| Liquid Fire | 1 | |
| Envenomed Spears | 1 | |
| Ensnare | 1 | |
| Melee Weapons | 1 | |
| Pillage | 1 | |
15 total
» buildings
| Orc Burrow | 4 | |
| Altar of Storms | 1 | |
| Barracks | 2 | |
| Voodoo Lounge | 1 | |
| War Mill | 2 | |
| Stronghold | 1 | |
| Great Hall | 2 | |
| Fortress | 1 | |
| Watch Tower | 24 | |
| Beastiary | 4 | |
42 total
» build order
00:39 Orc Burrow
01:28 Orc Burrow
01:33 Altar of Storms
01:35 Barracks
02:34 Voodoo Lounge
03:13 War Mill
04:04 Orc Burrow
04:52 Stronghold
04:57 Barracks
05:35 Orc Burrow
07:25 Great Hall
10:00 Fortress
10:02 Watch Tower
10:02 Watch Tower
10:03 Watch Tower
10:03 Watch Tower
12:18 Watch Tower
12:18 Watch Tower
12:19 Watch Tower
12:19 Watch Tower
12:28 Watch Tower
12:29 Watch Tower
14:56 War Mill
17:47 Watch Tower
17:48 Watch Tower
17:49 Watch Tower
17:50 Watch Tower
17:51 Watch Tower
17:52 Watch Tower
19:03 Beastiary
19:04 Beastiary
19:05 Beastiary
19:09 Beastiary
22:25 Great Hall
23:24 Watch Tower
23:24 Watch Tower
23:25 Watch Tower
23:25 Watch Tower
23:27 Watch Tower
23:28 Watch Tower
23:28 Watch Tower
23:28 Watch Tower
» items
| Healing Salve | 1 | |
| Scroll of Town Portal | 1 | |
| Orb of Lightning | 1 | |
| Staff of Teleportation | 1 | |
| Potion of Healing | 1 | |
| Potion of Mana | 1 | |
6 total
JamesBond (
teal | 103 APM | 2714 actions | 26:17)
5 Blademaster
3 Wind Walk
2 Critical Strike
» actions
| Assign group hotkey | 150 | |
| Basic commands | 65 | |
| Build / train | 80 | |
| ESC pressed | 4 | |
| Enter build submenu | 36 | |
| Enter hero's abilities submenu | 5 | |
| Give item / drop item | 3 | |
| Remove unit from queue | 2 | |
| Right click | 1140 | |
| Select / deselect | 211 | |
| Select group hotkey | 877 | |
| Use ability | 141 | |
2714 total
» units
| Peon | 13 | |
| Grunt | 5 | |
| Troll Headhunter/Berserker | 10 | |
| Kodo Beast | 1 | |
| Troll Batrider | 1 | |
30 total
» upgrades
| Armor | 3 | |
| Ranged Weapons | 3 | |
| Berserker Strength | 1 | |
| Berserker Upgrade | 1 | |
| Reinforced Defenses | 1 | |
| War Drums Damage Increase | 1 | |
| Spiked Barricades | 1 | |
11 total
» buildings
| Orc Burrow | 6 | |
| Altar of Storms | 1 | |
| Barracks | 1 | |
| Voodoo Lounge | 1 | |
| War Mill | 1 | |
| Stronghold | 4 | |
| Fortress | 4 | |
| Great Hall | 1 | |
| Watch Tower | 19 | |
| Beastiary | 3 | |
41 total
» build order
00:12 Orc Burrow
00:52 Altar of Storms
00:54 Barracks
01:22 Orc Burrow
02:17 Voodoo Lounge
02:38 War Mill
02:50 Orc Burrow
03:55 Stronghold
03:55 Stronghold
03:56 Stronghold
03:56 Stronghold
06:57 Fortress
06:58 Fortress
06:58 Fortress
07:22 Orc Burrow
08:04 Great Hall
08:11 Watch Tower
08:12 Watch Tower
09:46 Watch Tower
10:31 Watch Tower
10:32 Watch Tower
10:49 Watch Tower
10:53 Watch Tower
11:55 Beastiary
16:06 Watch Tower
16:07 Watch Tower
16:08 Watch Tower
16:12 Watch Tower
16:22 Watch Tower
17:03 Watch Tower
19:06 Beastiary
19:07 Beastiary
21:42 Orc Burrow
21:44 Orc Burrow
23:46 Watch Tower
23:46 Watch Tower
23:48 Watch Tower
23:49 Watch Tower
24:43 Watch Tower
25:56 Watch Tower
» items
| Healing Salve | 4 | |
| Lesser Clarity Potion | 2 | |
| Orb of Lightning | 1 | |
| Scroll of Town Portal | 3 | |
| Potion of Healing | 2 | |
12 total
TheWall (
yellow | 43 APM | 1120 actions | 26:13)
3 Blademaster
1 Wind Walk
2 Critical Strike
» actions
| Assign group hotkey | 13 | |
| Basic commands | 33 | |
| Build / train | 48 | |
| Enter build submenu | 50 | |
| Enter hero's abilities submenu | 3 | |
| Right click | 434 | |
| Select / deselect | 259 | |
| Select group hotkey | 182 | |
| Use ability | 98 | |
1120 total
» units
| Peon | 12 | |
| Grunt | 2 | |
| Raider | 9 | |
| Troll Batrider | 8 | |
31 total
» upgrades
| Spiked Barricades | 1 | |
| Pillage | 1 | |
| Ensnare | 1 | |
| Armor | 1 | |
4 total
» buildings
| Altar of Storms | 2 | |
| Orc Burrow | 7 | |
| Voodoo Lounge | 2 | |
| Barracks | 2 | |
| War Mill | 1 | |
| Watch Tower | 23 | |
| Stronghold | 1 | |
| Beastiary | 4 | |
| Great Hall | 2 | |
44 total
» build order
00:17 Altar of Storms
00:31 Orc Burrow
01:17 Voodoo Lounge
01:53 Barracks
01:55 Barracks
03:47 War Mill
04:24 Orc Burrow
05:06 Watch Tower
05:08 Watch Tower
05:10 Watch Tower
05:13 Watch Tower
05:15 Watch Tower
06:01 Watch Tower
06:49 Watch Tower
06:56 Watch Tower
06:57 Watch Tower
07:34 Altar of Storms
07:39 Watch Tower
07:44 Watch Tower
07:46 Watch Tower
07:48 Watch Tower
08:51 Watch Tower
09:15 Watch Tower
10:04 Watch Tower
10:08 Stronghold
10:11 Orc Burrow
10:15 Orc Burrow
11:26 Watch Tower
12:17 Orc Burrow
12:30 Beastiary
12:32 Beastiary
12:34 Beastiary
12:45 Watch Tower
12:49 Watch Tower
13:41 Voodoo Lounge
13:45 Beastiary
16:50 Orc Burrow
18:48 Orc Burrow
22:19 Great Hall
22:39 Great Hall
22:57 Watch Tower
22:58 Watch Tower
23:07 Watch Tower
23:10 Watch Tower
» items
| Lesser Clarity Potion | 2 | |
| Healing Salve | 1 | |
| Scroll of Speed | 3 | |
| Scroll of Town Portal | 2 | |
8 total
Chat log
(00:09 / All) TheWall: 3 lvl 1s
(00:11 / All) TheWall: gg we win
(00:16 / All) JamesBond: GG
(00:25 / All) Pokemon: when does level matter
(00:25 / All) TheWall: leave noobs
(00:27 / All) TheWall: its over
(00:31 / All) smallfry: levs mean what?
(00:37 / All) smallfry: we all have akas with higher levs idiot
(00:39 / Allies) TheWall: hero harass?
(00:41 / Allies) 4SRTCRUSADER: levels stopped mattered ever since lvl50 rt became unattainable
(00:50 / All) TheWall: human vs human
(00:51 / All) TheWall: nice
(00:53 / All) smallfry: you are 0-1 yellow
(01:04 / All) TheWall: because i tk
(01:13 / All) Pokemon: Gg
(01:14 / All) smallfry: so do i and im abover 50%
(01:28 / Allies) 4SRTCRUSADER: got militia rushed lol
(01:30 / Allies) 4SRTCRUSADER: he wasted his time
(01:36 / Allies) 4SRTCRUSADER: weood?
(01:38 / Allies) 4SRTCRUSADER: ty
(01:38 / Allies) TheWall: hero harass
(01:40 / All) smallfry: ORNAGE RAPING U WITH JUST MILTIA
(01:41 / Allies) TheWall: 3 orcs
(01:47 / Allies) JamesBond: I had someone a few games ago tower rush then mass tanks
(01:49 / Allies) JamesBond: I hate mass tanks
(01:51 / Allies) JamesBond: amove no skill
(01:59 / Allies) 4SRTCRUSADER: this guy will be worthles
(02:00 / Allies) 4SRTCRUSADER: rush him
(02:12 / Allies) TheWall: kk
(02:13 / Allies) TheWall: send heros
(02:23 / Allies) 4SRTCRUSADER: ill tavern hero sicne he delayed my altar
(02:45 / Allies) TheWall: com
(02:47 / Allies) TheWall: pink nad teal
(02:49 / Allies) TheWall: slow
(02:55 / Allies) TheWall: twoers
(03:04 / All) smallfry: BURN EM ALL!
(03:13 / All) smallfry: LOOK AT TAHT HAC YELLWO LMAO
(03:25 / All) smallfry: DUDE NEEDSS HACK TO COMPETE
(03:37 / All) TheWall: ; )
(03:52 / All) smallfry: U AHCK AND U GO":)
(03:54 / All) smallfry: gg team
(03:57 / All) smallfry: wont waste time on a hacker
(03:59 / All) smallfry: later
(04:07 / All) TheWall: he mad
(04:09 / All) TheWall: lol
(05:44 / Allies) 4SRTCRUSADER: 3
(05:56 / Allies) JamesBond: omw
(06:05 / Allies) 4SRTCRUSADER: help
(06:11 / Allies) TheWall: tp
(06:12 / Allies) TheWall: pnk
(06:13 / Allies) 4SRTCRUSADER: ty%?
(08:17 / All) TheWall: bad red
(08:20 / All) TheWall: bad boy
(08:27 / All) solidangle: ?
(08:37 / All) TheWall: towering a pro like me
(08:43 / All) solidangle: ?
(09:04 / All) JamesBond: BACK THE FUCK OFF!!!!
(09:08 / All) TheWall: gg noobs
(09:19 / All) AFKSmokingBONG: Ur soo bad yellow
(09:21 / Allies) 4SRTCRUSADER: lets push
(09:23 / Allies) TheWall: caer
(09:37 / Allies) TheWall: lol
(09:40 / All) TheWall: he thought ihacked
(09:41 / All) TheWall: ahaha
(10:13 / Allies) JamesBond: spare some lumber?
(10:25 / Allies) JamesBond: ty
(10:32 / All) TheWall: he thought i hacked
(10:34 / All) TheWall: when i got twoered
(10:39 / All) TheWall: lol
(10:53 / Allies) 4SRTCRUSADER: grunt
(10:54 / Allies) TheWall: chim
(10:56 / Allies) TheWall: chims
(10:57 / Allies) 4SRTCRUSADER: yellow
(11:29 / Allies) TheWall: chims
(11:31 / Allies) TheWall: get aa
(11:37 / Allies) TheWall: aa
(11:38 / Allies) TheWall: teal
(11:51 / Allies) TheWall: some1
(13:31 / Allies) TheWall: Caer
(13:45 / Allies) 4SRTCRUSADER: feed me some ill make gyros
(14:10 / Allies) 4SRTCRUSADER: tping
(14:21 / All) TheWall: noobs lose
(14:25 / Allies) 4SRTCRUSADER: lol
(14:29 / All) solidangle: ?
(14:34 / All) TheWall: i bet u all
(14:36 / All) TheWall: myself
(14:44 / 9) JamesBond: me and pink are in this together
(14:46 / 9) JamesBond: we're going to tk our team
(14:50 / 9) JamesBond: stay, you will get the win OK?
(15:05 / 9) JamesBond: Me and pink have planned all game to tk this
(15:15 / 9) JamesBond: Mass towers on your side and don't hit us, we'll kill green and yellow then ourselves
(15:19 / 9) JamesBond: understand?
(15:46 / 9) JamesBond: make sure not to leave, it may look close if they hit you but we WILL tk
(15:48 / 9) JamesBond: and you WILL get this win
(16:31 / 9) JamesBond: we're about to kill green, they'll probably flip out in chat when we do
(17:23 / All) TheWall: still here lol
(17:24 / All) TheWall: fuck
(17:37 / All) 4SRTCRUSADER: gotta go hard man
(17:41 / All) 4SRTCRUSADER: never pull out
(17:57 / All) TheWall: every1 2 blues
(17:59 / All) TheWall: 2 reds
(18:11 / 9) JamesBond: we both killing green now
(18:13 / 9) JamesBond: at his base
(18:18 / Allies) 4SRTCRUSADER: :(
(18:21 / Allies) JamesBond: hi drayen
(18:25 / Allies) 4SRTCRUSADER: lol
(18:26 / Allies) TheWall: gold me
(18:27 / Allies) TheWall: plz
(18:32 / Allies) 4SRTCRUSADER: howd you know it was me?
(18:33 / Allies) TheWall: teal6k
(18:35 / Allies) JamesBond: I'm glad you uploaded to highperch
(18:39 / Allies) JamesBond: because we're some of the only others who use it
(18:42 / 9) JamesBond: yeah
(18:45 / Allies) 4SRTCRUSADER: oh flamechamp?
(18:46 / 9) JamesBond: just turtle and tower up,w e're tking
(18:47 / Allies) JamesBond: no
(18:51 / Allies) TheWall: teal gold me
(18:56 / Allies) 4SRTCRUSADER: then who are you
(19:02 / Allies) JamesBond: we've stopped tking with flamechamp, he's an idiot
(19:18 / Allies) JamesBond: you probably wouldn't recognise our names even though we';ve tked and uploaded for years
(19:33 / Allies) 4SRTCRUSADER: is that so
(19:37 / Allies) DoubleOhSeven: Turncoat/Loard Farsanky
(19:38 / Allies) JamesBond: Flamechamp sucks the cock of well known players, wouldn't tk you
(19:39 / Allies) DoubleOhSeven: Loard
(19:40 / Allies) DoubleOhSeven: Lord
(19:41 / Allies) DoubleOhSeven: lol
(19:58 / Allies) DoubleOhSeven: AngryPeons/Turncoat/Lord Farsanky
(20:15 / Allies) JamesBond: lol
(20:25 / 9) JamesBond: tking yellow now at my base
(20:29 / Allies) 4SRTCRUSADER: angrypeons rings a bell
(20:36 / Allies) JamesBond: I'm Rod
(20:39 / Allies) DoubleOhSeven: I made stabber collages
(20:47 / Allies) 4SRTCRUSADER: i think i remember that haha
(20:48 / Allies) JamesBond: but I went by other names before
(20:49 / Allies) 4SRTCRUSADER: like mine?
(20:57 / Allies) DoubleOhSeven: Yeah
(21:05 / Allies) DoubleOhSeven: angrypeons.deviantart.com still up there
(21:09 / Allies) 4SRTCRUSADER: haha
(21:12 / Allies) TheWall: ill ve vack
(21:13 / Allies) TheWall: u greedy bitch
(21:18 / 9) JamesBond: not lagging right now
(21:20 / 9) JamesBond: but sometimes
(21:21 / Allies) 4SRTCRUSADER: i found my first collage but not my 2nd :(
(21:30 / Allies) JamesBond: we've made so many collages over the years
(21:31 / All) TheWall: iill kill teal for u
(21:32 / All) TheWall: hes a jew
(21:36 / All) JamesBond: No you won't
(21:46 / Allies) DoubleOhSeven: Why do orb of frost sell for so much when they suck compared to others
(21:47 / Allies) 4SRTCRUSADER: yellow got extra gold for flying machiens?
(21:53 / Allies) 4SRTCRUSADER: no idea
(21:55 / Allies) TheWall: fuck u green
(21:58 / Allies) 4SRTCRUSADER: i mean they arnet bad
(22:04 / Allies) TheWall: teal has 8.7
(22:06 / Allies) TheWall: has him
(22:07 / Allies) TheWall: nigger
(22:09 / Allies) 4SRTCRUSADER: teal stabbed me tho
(22:13 / Allies) 4SRTCRUSADER: so did pink
(22:17 / Allies) 4SRTCRUSADER: killed my 2 bases
(22:17 / Allies) JamesBond: I've gotten tens of thousands of gold before I ain't got shit
(22:22 / Allies) TheWall: haha
(22:47 / Allies) TheWall: wwow
(22:49 / Allies) TheWall: like that pink
(22:52 / Allies) TheWall: okay homie g
(22:54 / Allies) DoubleOhSeven: You tk!
(23:00 / Allies) TheWall: he didnt gold me
(23:01 / Allies) TheWall: hes a bitch
(23:05 / Allies) TheWall: i asked
(23:06 / Allies) TheWall: 3 times
(23:26 / Allies) JamesBond: +32 bm not too shabby
(23:48 / All) TheWall: surrive red
(23:51 / All) TheWall: u can win
(24:05 / All) DoubleOhSeven: That's right
(24:09 / Allies) TheWall: kill teal
(24:24 / Allies) 4SRTCRUSADER: yea thats not happening
(24:27 / Allies) JamesBond: I love when people getting tked try to order others around
(24:30 / Allies) 4SRTCRUSADER: so are you guys stabbing to the end or
(24:46 / Allies) DoubleOhSeven: yeah red has a shit rec
(24:51 / Allies) JamesBond: he's a noobie
(25:18 / Allies) 4SRTCRUSADER: lets just kill red
(25:41 / Allies) JamesBond: doubt that will work
(25:49 / Allies) JamesBond: he's really turtled
(26:13 / All) JamesBond: would be funny if one of the only 3 legit players left lagged out
(26:14 / All) JamesBond: lol just you now drayen